 Dungeon Crawl Stone Soup version 0.23.2-40-g277498a001 (webtiles) character file.

Game seed: 3459434191106767128

26086 Chiseanne the Nimble (level 13, -2/79 HPs)
             Began as an Octopode Warper on Oct 10, 2019.
             Was an Initiate of Gozag.
             Slain by a freezing wraith (4 damage)
             ... on level 14 of the Dungeon.
             The game lasted 00:54:35 (15811 turns).

Chiseanne the Nimble (Octopode Warper)             Turns: 15811, Time: 00:54:36

Health: -2/79      AC:  2    Str: 17    XL:     13   Next: 23%
Magic:  0/23       EV: 24    Int: 18    God:    Gozag
Gold:   99         SH:  5    Dex: 11    Spells: 14/30 levels left

rFire    + . .     SeeInvis .   s - +3 scimitar (flame)
rCold    + . .     Gourm    .   G - +0 buckler {rC+}
rNeg     + . .     Faith    .   (helmet restricted)
rPois    +         Spirit   +   t - amulet of guardian spirit
rElec    .         Reflect  .   v - +1 ring of protection
rCorr    +         Harm     .   I - ring of resist corrosion
MR       +....                  O - ring "Hotwav" {+Blink rF+ Dex-4 Slay+3}
Stlth    ++++......             K - +4 ring of evasion
HPRegen  0.63/turn              j - ring of Qozerug {*Slow rPois MR+ Int+3 Slay+2}
MPRegen  0.18/turn              P - ring of positive energy
                                k - +5 ring of strength
                                W - +3 ring of evasion

@: slowed, very slow
A: almost no armour, stealthy swim, amphibious, 8 rings, constrict 8, camouflage
1, low mp 1, regeneration 1, gelatinous body 1
a: Potion Petition, Call Merchant, Bribe Branch, Renounce Religion, Evoke Blink


You were on level 14 of the Dungeon.
You worshipped Gozag.
Gozag was noncommittal.
You were not hungry.

You visited 2 branches of the dungeon, and saw 16 of its levels.

You collected 3158 gold pieces.
You spent 1799 gold pieces at shops.
You paid 1260 gold pieces to Gozag.

Inventory:

Hand Weapons
 a - a +5 dagger of protection
 q - the +7 arbalest "Sutu" {velocity, rC- MR+ Str+9 Dex-2}
   (You found it on level 11 of the Dungeon)

   Any bolt fired from it inflicts extra damage.
   It affects your strength (+9).
   It affects your dexterity (-2).
   It makes you vulnerable to cold.
   It affects your resistance to hostile enchantments.
 s - a +3 scimitar of flaming (weapon)
 w - the +1 hunting sling "Lozoluto" {speed, +Blink rC+ Str+4}
   (You bought it in a shop on level 8 of the Dungeon)

   Attacks with this weapon are significantly faster.
   It affects your strength (+4).
   It protects you from cold.
   It lets you blink.
 z - a +2 antimagic spear
 L - a +3 quarterstaff of chaos
 R - a +0 blowgun
 T - a +0 falchion of protection
 U - a +2 dagger of venom
Missiles
 d - 5 tomahawks of dispersal
 e - 440 stones
 m - 91 bolts
 o - 52 sling bullets
 u - 15 tomahawks
 x - 149 arrows
 F - a throwing net (quivered)
 H - 8 poisoned needles
Armour
 G - a +0 buckler of cold resistance (worn)
Magical Staves
 b - an uncursed staff of energy
Jewellery
 j - the ring of Qozerug (on tentacle) {*Slow rPois MR+ Int+3 Slay+2}
   (You bought it in a shop on level 9 of the Dungeon)

   [ring of slaying]

   It affects your intelligence (+3).
   It affects your accuracy and damage with ranged weapons and melee attacks
   (+2).
   It protects you from poison.
   It affects your resistance to hostile enchantments.
   It may slow you when you take damage.
 k - a +5 ring of strength (on tentacle)
 p - an uncursed ring of flight
 t - an amulet of guardian spirit (around mantle)
 v - a +1 ring of protection (left tentacle)
 I - a ring of resist corrosion (right tentacle)
 K - a +4 ring of evasion (on tentacle)
 O - the ring "Hotwav" (on tentacle) {+Blink rF+ Dex-4 Slay+3}
   (You bought it in a shop on level 8 of the Dungeon)

   [ring of protection from fire]

   It affects your dexterity (-4).
   It affects your accuracy and damage with ranged weapons and melee attacks
   (+3).
   It protects you from fire.
   It lets you blink.
 P - a ring of positive energy (on tentacle)
 W - a +3 ring of evasion (on tentacle)
Wands
 r - a wand of random effects (2)
 A - a wand of polymorph (6)
 E - a wand of clouds (8)
 Q - a wand of flame (34)
Scrolls
 c - 3 scrolls of blinking
 h - 2 scrolls of enchant armour
 y - a scroll of identify
 B - a scroll of immolation
 J - 3 scrolls of amnesia
 N - a scroll of magic mapping
 S - 2 scrolls of fog
 V - 6 scrolls of remove curse
Potions
 g - a potion of ambrosia
 i - 6 potions of lignification
 l - 2 potions of flight
 C - 2 potions of curing
 D - a potion of mutation
 M - a potion of brilliance
Miscellaneous
 n - a lightning rod (1/4)
Comestibles
 f - 16 rations


   Skills:
 - Level 4.2 Fighting
 - Level 9.0(9.2) Short Blades
 - Level 2.0(6.0) Long Blades
 - Level 4.7(4.8) Slings
 - Level 1.0(3.1) Throwing
 - Level 9.4 Dodging
 - Level 5.2 Stealth
 + Level 4.4 Shields
 - Level 9.2 Spellcasting
 - Level 4.2 Charms
 - Level 7.1 Translocations
 - Level 5.0 Air Magic
 - Level 6.1 Poison Magic
 - Level 7.2 Evocations


You had 14 spell levels left.
You knew the following spells:

 Your Spells              Type           Power        Failure   Level  Hunger
a - Shroud of Golubria    Chrm/Tloc      ####......   1%          2    None
b - Passage of Golubria   Tloc           N/A          4%          4    ###....
c - Poisonous Vapours     Pois/Air       ####..       1%          2    None
d - Mephitic Cloud        Conj/Pois/Air  ###.....     5%          3    None
e - Teleport Other        Tloc           ####....     1%          3    None
f - Blink                 Tloc           N/A          1%          2    None

Your spell library contained the following spells:

 Spells                   Type           Power        Failure   Level  Hunger
 Gell's Gravitas          Tloc           ####......   1%          3    None
 Lesser Beckoning         Tloc           ####......   1%          3    None
 Magic Dart               Conj           #...         9%          1    None
 Sandblast                Erth           #.....       9%          1    None
 Passwall                 Tmut/Erth      #.......     13%         2    None
 Searing Ray              Conj           #.....       13%         2    None
 Force Lance              Conj/Tloc      ###.....     21%         4    ###....
 Conjure Flame            Conj/Fire      #.......     26%         3    None
 Dazzling Spray           Conj/Hex       #.....       26%         3    None
 Stone Arrow              Conj/Erth      #.....       26%         3    None
 Fulminant Prism          Conj/Hex       #.........   65%         4    ###....
 Iskenderun's Mystic Bla  Conj           #.......     65%         4    ###....
 Petrify                  Tmut/Erth      #.......     65%         4    ###....
 Lee's Rapid Deconstruct  Erth           #.........   94%         5    #####..
 Freezing Cloud           Conj/Ice/Air   ##........   100%        6    ######.
 Ring of Flames           Chrm/Fire      ###.......   100%        7    #######


Dungeon Overview and Level Annotations

Branches:
Dungeon (15/15)            Temple (1/1) D:4            Lair (0/6) D:11
    Orc (0/2) D:9          Vaults (0/5) D:13         Depths (0/5) D:15

Altars:
Ashenzari
Cheibriados
Dithmenos
Elyvilon
Fedhas
Gozag
Hepliaklqana
Kikubaaqudgha
Makhleb
Nemelex Xobeh
Okawaru
Qazlal
Ru
Sif Muna
Trog
Uskayaw
Vehumet
Wu Jian
Xom
Yredelemnul
Zin
The Shining One

Shops:
D:8 *%   D:13 (

Annotations:
D:4 2 transporters, exclusion: upstairs, Laird's ghost, amateur MfGl
D:6 2 transporters, scorp85's ghost, amateur TrMo
D:11 3 runed translucent doors, exclusion: orange crystal statue
D:12 exclusions: death knight and skeletal warrior


Innate Abilities, Weirdness & Mutations

You cannot wear most types of armour.
You are very stealthy in the water. (Stealth+)
You are amphibious.
You can wear up to eight rings at the same time.
You can use your tentacles to constrict eight enemies at once.
Your skin changes colour to match your surroundings (Stealth+).
Your rubbery body absorbs attacks. (AC +1, EV +1)
Your magical capacity is low. (-10% MP)
Your natural rate of healing is unusually fast.


Message History

The freezing wraith misses you.
You slash the freezing wraith! You burn the freezing wraith.
The freezing wraith is severely damaged.
The freezing wraith misses you. The freezing wraith hits you!
The freezing wraith drains your vigour!
You feel yourself slow down.
You closely miss the freezing wraith.
The freezing wraith is severely damaged.
The freezing wraith hits you! The freezing wraith freezes you! You resist.
* * * LOW HITPOINT WARNING * * *
Your shroud falls apart!
The freezing wraith hits you!
* * * LOW HITPOINT WARNING * * *
The freezing wraith misses you. The freezing wraith closely misses you.
You closely miss the freezing wraith.
The freezing wraith is severely damaged.
The freezing wraith hits you!
* * * LOW HITPOINT WARNING * * *
The freezing wraith freezes you. You resist.
You die...
Your body crumbles into a pile of gold.

# ##.##..# # .. $
......#.# ...
##..#....#. ....
#.$........ .....
#........#
......##.#.######
#...)Y.# ####W###
#@# #.# #.# #>#
#.^....$#
#.####### $


You could see a freezing wraith and a sky beast (confused).

Vanquished Creatures
  Snorg (D:10)
  A great orb of eyes (D:13)
  Erolcha (D:9)
  A hydra (D:12)
  A centaur warrior (D:14)
  Erica (D:10)
  2 two-headed ogres
  A tengu warrior (D:13)
  A satyr (D:13)
  A deep troll (D:13)
  A glowing orange brain (D:13)
  A phantasmal warrior (D:12)
  Pikel (D:5)
  2 cyclopes
  A deep elf mage (D:14)
  A gargoyle (D:14)
  3 centaur skeletons
  2 komodo dragons
  A freezing wraith (D:12)
  A tengu conjurer (D:13)
  4 trolls
  A polar bear (D:9)
  A hornet (D:11)
  A slime creature (D:13)
  A hippogriff (D:12)
  17 yaks
  A wyvern (D:10)
  4 hogs (D:7)
  A wraith (D:12)
  Grum (D:10)
  A hungry ghost (D:11)
  A human (D:7)
  4 steam dragons
  3 vampire mosquitoes (D:14)
  3 wargs
  3 water moccasins
  3 black bears
  2 slaves (D:5)
  5 orc warriors
  An eye of draining (D:5)
  2 ice beasts
  A sky beast (D:3)
  5 ogres
  2 phantoms
  2 necrophages
  5 wolves (D:9)
  4 centaurs
  2 big kobolds
  Blork the orc (D:5)
  4 bullfrogs
  2 scorpions
  A wyvern skeleton (D:6)
  12 killer bees
  5 howler monkeys
  4 crimson imps
  A quasit (D:7)
  6 hounds
  7 jellies
  8 orc priests
  Crazy Yiuf (D:7)
  9 orc wizards
  2 iguanas
  A hell rat (D:8)
  16 worker ants
  A killer bee zombie (D:8)
  2 hound zombies
  A howler monkey zombie (D:9)
  3 gnolls (D:8)
  9 river rats (D:8)
  15 adders
  A howler monkey skeleton (D:9)
  A hound simulacrum (D:10)
  4 shadow imps
  3 white imps (D:10)
  2 adder zombies
  4 dart slugs
  4 leopard geckos
  35 orcs
  9 giant cockroaches
  7 goblins
  7 hobgoblins
  11 jackals
  7 quokkas
  7 ball pythons
  4 bats
  4 frilled lizards
  19 kobolds
  A leopard gecko zombie (D:7)
  2 quokka skeletons
  20 rats
369 creatures vanquished.

Vanquished Creatures (collateral kills)
  A river rat (D:8)
  3 rats (D:8)
4 creatures vanquished.

Vanquished Creatures (others)
  2 dancing weapons (D:13)
  An unseen horror (D:8)
  A wyvern (D:8)
  A water moccasin (D:8)
  A hell rat (D:8)
6 creatures vanquished.

Grand Total: 379 creatures vanquished

Notes
Turn   | Place    | Note
-------+----------+-------------------------------------------
     0 | D:1      | Chiseanne the Octopode Warper began the quest for the Orb.
     0 | D:1      | Reached XP level 1. HP: 14/14 MP: 3/3
   141 | D:1      | Reached XP level 2. HP: 19/19 MP: 5/5
   600 | D:1      | Reached XP level 3. HP: 25/25 MP: 6/6
   657 | D:1      | Learned a level 2 spell: Blink
   660 | D:1      | Learned a level 2 spell: Shroud of Golubria
   876 | D:2      | Found a faded altar of an unknown god.
  1109 | D:2      | Found a blossoming altar of Fedhas.
  1139 | D:2      | Reached XP level 4. HP: 28/30 MP: 6/8
  1383 | D:3      | Reached skill level 1 in Charms
  1540 | D:3      | Noticed a sky beast
  1554 | D:3      | Killed a sky beast
  1554 | D:3      | Reached XP level 5. HP: 19/36 MP: 9/9
  1688 | D:3      | Found a basalt altar of Yredelemnul.
  1795 | D:3      | Reached XP level 6. HP: 27/42 MP: 10/10
  2373 | D:4      | Found a burning altar of Makhleb.
  2405 | D:4      | Found a transporter.
  2406 | D:4      | Noticed Laird's ghost (amateur MfGl)
  2406 | D:4      | Identified the +7 dire flail "Jellybane" {crush, rC- MR+
                  | Int+2 Dex+4}
  2411 | D:4      | Found a transporter.
  2458 | D:5      | Entered Level 5 of the Dungeon
  2458 | D:5      | Noticed Blork the orc
  2461 | D:5      | Killed Blork the orc
  2711 | D:4      | Reached XP level 7. HP: 25/47 MP: 12/12
  2936 | D:4      | Learned a level 3 spell: Teleport Other
  2941 | D:4      | Learned a level 4 spell: Passage of Golubria
  3159 | D:4      | Found a radiant altar of Vehumet.
  3410 | D:4      | Found a staircase to the Ecumenical Temple.
  3487 | Temple   | Entered the Ecumenical Temple
  3643 | Temple   | Became a worshipper of Gozag Ym Sagoz the Greedy
  4675 | D:5      | Reached skill level 1 in Short Blades
  4675 | D:5      | Reached XP level 8. HP: 53/54 MP: 14/14
  4695 | D:5      | Found a shattered altar of Ashenzari.
  4785 | D:5      | Noticed Pikel
  4815 | D:5      | Killed Pikel
  4815 | D:5      | Reached skill level 5 in Dodging
  4815 | D:5      | Reached skill level 5 in Translocations
  4856 | D:5      | Found an ancient bone altar of Kikubaaqudgha.
  4906 | D:5      | Found a sparkling altar of Nemelex Xobeh.
  4950 | D:5      | Found a bloodstained altar of Trog.
  5156 | D:6      | Found a transporter.
  5163 | D:6      | Found a transporter.
  5163 | D:6      | Noticed scorp85's ghost (amateur TrMo)
  5163 | D:6      | Noticed a wraith
  5163 | D:6      | Noticed a wraith
  5418 | D:6      | Reached skill level 5 in Spellcasting
  5418 | D:6      | Reached skill level 1 in Evocations
  5418 | D:6      | Reached XP level 9. HP: 49/58 MP: 12/16
  5821 | D:7      | Noticed a two-headed ogre
  6241 | D:8      | Found Mabloz's Food Shop.
  7037 | D:7      | Reached XP level 10. HP: 44/63 MP: 9/19
  7050 | D:7      | Reached skill level 5 in Short Blades
  7190 | D:7      | Noticed an entropy weaver
  7190 | D:7      | a two-headed ogre changed into an entropy weaver
  7193 | D:7      | Noticed a catoblepas
  7193 | D:7      | an entropy weaver changed into a catoblepas
  7750 | D:7      | Found a runed translucent door.
  7751 | D:7      | Noticed Crazy Yiuf
  7759 | D:7      | Killed Crazy Yiuf
  8511 | D:8      | Bought a scroll labeled GOXTECKEM TYCH for 24 gold pieces
  8511 | D:8      | Bought a scroll labeled QIYQOSCHINN for 24 gold pieces
  8511 | D:8      | Bought a smoking steel ring for 120 gold pieces
  8511 | D:8      | Bought a scroll of identify for 48 gold pieces
  8511 | D:8      | Bought a scroll of identify for 48 gold pieces
  8511 | D:8      | Bought an iridescent hunting sling for 156 gold pieces
  8515 | D:8      | Identified the ring "Hotwav" {+Blink rF+ Dex-4 Slay+3} (You
                  | bought it in a shop on level 8 of the Dungeon)
  8517 | D:8      | Identified the +1 hunting sling "Lozoluto" {speed, +Blink
                  | rC+ Str+4} (You bought it in a shop on level 8 of the
                  | Dungeon)
  8573 | D:9      | Noticed Erolcha
  8588 | D:9      | Killed Erolcha
  8588 | D:9      | Reached skill level 1 in Slings
  8588 | D:9      | Reached skill level 5 in Evocations
  8992 | D:9      | Found a stormy altar of Qazlal.
  9135 | D:9      | Noticed a two-headed ogre
  9151 | D:9      | Killed a two-headed ogre
  9341 | D:9      | Found a deep blue altar of Sif Muna.
  9629 | D:10     | Entered Level 10 of the Dungeon
  9637 | D:10     | Noticed Grum
  9639 | D:9      | Reached XP level 11. HP: 69/69 MP: 18/21
  9979 | D:10     | Killed Grum
  9983 | D:10     | Noticed Snorg
  9993 | D:10     | Killed Snorg
 10461 | D:10     | Noticed Erica
 10482 | D:10     | Killed Erica
 10792 | D:9      | Found Pimaat's Jewellery Shoppe.
 10803 | D:9      | Bought the ring of Qozerug {*Slow rPois MR+ Int+3 Slay+2}
                  | for 500 gold pieces
 10803 | D:9      | Bought a cursed amulet of inaccuracy for 26 gold pieces
 10803 | D:9      | Bought a cursed ring of attention for 58 gold pieces
 10803 | D:9      | Bought an uncursed ring of positive energy for 260 gold
                  | pieces
 11408 | D:9      | Found a staircase to the Orcish Mines.
 11899 | D:10     | Learned a level 2 spell: Poisonous Vapours
 11903 | D:10     | Learned a level 3 spell: Mephitic Cloud
 12069 | D:11     | Found a runed translucent door.
 12086 | D:11     | Found a runed translucent door.
 12097 | D:11     | Found a runed translucent door.
 12120 | D:11     | Found a runed translucent door.
 12179 | D:11     | Reached skill level 1 in Poison Magic
 12198 | D:11     | Reached skill level 1 in Air Magic
 12616 | D:11     | Found a staircase to the Lair.
 12767 | D:11     | Reached XP level 12. HP: 74/74 MP: 24/24
 12962 | D:11     | Got a fine arbalest
 12982 | D:11     | Identified the +7 arbalest "Sutu" {velocity, rC- MR+ Str+9
                  | Dex-2} (You found it on level 11 of the Dungeon)
 13045 | D:12     | Noticed a two-headed ogre
 13046 | D:12     | Paralysed by a hornet for 3 turns
 13205 | D:12     | Killed a two-headed ogre
 13440 | D:12     | Noticed a seven-headed hydra
 13514 | D:12     | Noticed an entropy weaver
 13514 | D:12     | a seven-headed hydra changed into an entropy weaver
 13516 | D:12     | Noticed a four-headed hydra
 13516 | D:12     | an entropy weaver changed into a four-headed hydra
 13521 | D:12     | Killed a four-headed hydra
 13563 | D:12     | Noticed a death knight
 13836 | D:12     | Reached skill level 1 in Stealth
 14550 | D:13     | Noticed a great orb of eyes
 14550 | D:13     | a slime creature changed into a great orb of eyes
 14550 | D:13     | Noticed a satyr
 14550 | D:13     | a slime creature changed into a satyr
 14576 | D:13     | Killed a satyr
 14582 | D:13     | Gained mutation: Your magical capacity is low. (-10% MP)
                  | [potion of mutation]
 14582 | D:13     | Gained mutation: Your natural rate of healing is unusually
                  | fast. [potion of mutation]
 14588 | D:13     | Killed a great orb of eyes
 14588 | D:13     | Reached skill level 5 in Poison Magic
 14929 | D:13     | Found a gate to the Vaults.
 14963 | D:13     | Reached XP level 13. HP: 37/79 MP: 4/23
 15260 | D:13     | Reached skill level 5 in Stealth
 15267 | D:13     | Reached skill level 5 in Air Magic
 15487 | D:9      | Bought a +5 ring of strength for 535 gold pieces
 15674 | D:14     | Reached skill level 1 in Shields
 15728 | D:14     | You fall through a shaft!
 15728 | D:15     | Entered Level 15 of the Dungeon
 15811 | D:14     | HP: 2/79 [freezing wraith (15)]
 15811 | D:14     | Slain by a freezing wraith

Skill      XL: |  1  2  3  4  5  6  7  8  9 10 11 12 13 |
---------------+----------------------------------------+-----
Dodging        | 3 4 5 6 7 9 |  9.4
Charms         | 1 2 3 4 |  4.2
Fighting       | 3 4 |  4.2
Spellcasting   | 3 4 5 6 7 8 9 |  9.2
Translocations | 4 5 6 7 |  7.1
Short Blades   | 1 3 4 6 7 8 9 |  9.0
Evocations     | 1 4 5 7 |  7.2
Slings         | 2 4 |  4.7
Poison Magic   | 2 5 6 |  6.1
Air Magic      | 1 4 5 |  5.0
Stealth        | 4 5 |  5.2
Shields        | 4 |  4.4
Long Blades    | |  2.0
Throwing       | |  1.0

Action                   |  1- 3 |  4- 6 |  7- 9 | 10-12 | 13-15 || total
-------------------------+-------+-------+-------+-------+-------++-------
Melee: Falchion          |    37 |    10 |     4 |       |       ||    51
       Constrict         |    22 |    19 |    68 |    83 |     7 ||   199
       Tentacles         |    11 |    20 |    78 |   119 |    17 ||   245
       Dagger            |    34 |   102 |   321 |   721 |    61 ||  1239
       Whip              |       |       |     8 |       |       ||     8
       Scimitar          |       |       |       |       |     4 ||     4
 Fire: Hunting sling     |       |       |       |    85 |    17 ||   102
Throw: Stone             |       |     7 |     3 |     4 |       ||    14
 Cast: Passage of Golubr |       |       |     3 |     5 |       ||     8
       Shroud of Golubri |       |       |       |    14 |     1 ||    15
       Mephitic Cloud    |       |       |       |     4 |     6 ||    10
       Poisonous Vapours |       |       |       |     3 |       ||     3
Invok: Call Merchant     |       |       |       |     2 |       ||     2
Evoke: Wand              |       |       |     9 |    65 |       ||    74
       Lightning rod     |       |       |       |     8 |       ||     8
  Use: Scroll            |     4 |     9 |     6 |    11 |     1 ||    31
       Potion            |       |     2 |     2 |    14 |       ||    18
 Stab: Sleeping          |     5 |     5 |     8 |     9 |       ||    27
       Invisible         |       |       |     2 |       |       ||     2
       Distracted        |       |       |     1 |     2 |     1 ||     4
       Paralysed         |       |       |       |    23 |       ||    23
       Confused          |       |       |       |     4 |     5 ||     9
  Eat: Chunk             |       |     6 |     2 |       |       ||     8
       Ration            |       |       |     4 |    10 |       ||    14
Armor: Skin              |    18 |    29 |    69 |   102 |     5 ||   223
Dodge: Dodged            |    79 |    73 |   205 |   507 |    39 ||   903
Block: Buckler           |       |       |       |       |     9 ||     9
       Rpst.: Falchion   |    10 |       |     1 |       |       ||    11
       Scimitar          |       |       |       |       |     1 ||     1
